 Dungeon Crawl Stone Soup version 0.29.0-11-gd7f09526c8 (webtiles) character file.

Game seed: 7629638641107997131

379 Arum the Covered (level 7, -11/48 (56) HPs)
             Began as a Formicid Fighter on Sept 5, 2022.
             Mangled by a chaos spawn (16 damage)
             ... summoned by Xom
             ... on level 4 of the Dungeon.
             The game lasted 00:03:43 (3565 turns).

Arum the Covered (Formicid Fighter)                 Turns: 3565, Time: 00:03:43

HP:   -11/48 (56)   AC:  7    Str: 22      XL:     7   Next: 4%
MP:   7/7           EV: 10    Int:  8      God:
Gold: 16            SH:  4    Dex: 10 (13) Spells: 6/6 levels left

rFire   . . .      SeeInvis +   a - +0 war axe
rCold   . . .      Faith    .   c - +0 buckler
rNeg    . . .      Spirit   .   d - +0 plate armour
rPois   .          Reflect  .   (helmet unavailable)
rElec   .          Harm     .   (no cloak)
rCorr   .          Rampage  .   (no gloves)
Will    .....                   (no boots)
Stlth   ..........              (no amulet)
HPRegen 0.16/turn               p - +4 ring of evasion
MPRegen 0.10/turn               (no ring)

@: heavily drained, unable to read
A: permanent stasis, dig shafts and tunnels, antennae 3, four strong arms,
deformed body, inability to read after injury 1
a: Dig, Shaft Self


You were on level 4 of the Dungeon.
You visited 1 branch of the dungeon, and saw 4 of its levels.
You also visited: Sewer.

You collected 120 gold pieces.
You spent 104 gold pieces at shops.

Inventory:

Hand Weapons
 a - a +0 war axe (weapon)
Armour
 c - a +0 buckler (worn)
 d - a +0 plate armour (worn)
Jewellery
 p - a +4 ring of evasion (left hand)
 r - an amulet of the acrobat
Scrolls
 e - 2 scrolls of immolation {unknown}
 g - 6 scrolls of identify {unknown}
 h - a scroll of silence {unknown}
 j - 2 scrolls of teleportation {unknown}
 k - 2 scrolls of poison {unknown}
 l - 2 scrolls of blinking {unknown}
 m - 3 scrolls of enchant armour {unknown}
 o - a scroll of vulnerability {unknown}
Potions
 b - a potion of ambrosia {unknown}
 f - 3 potions of curing
 i - a potion of haste {unknown}
 n - a potion of degeneration {unknown}
 q - a potion of heal wounds
 s - a potion of berserk rage {unknown}


   Skills:
 + Level 5.3 Fighting
 + Level 4.2 Axes
 + Level 5.3 Armour
 - Level 4.0 Shields


You had 6 spell levels left.
You didn't know any spells.
Your spell library contained the following spells:

 Spells                   Type           Power      Damage    Failure   Level
 Animate Dead             Necr           0%         N/A       100%        4
 Passage of Golubria      Tloc           0%         N/A       100%        4
 Borgnjor's Vile Clutch   Necr/Erth      0%         N/A       100%        5
 Silence                  Hex/Air        0%         N/A       100%        5
 Death Channel            Necr           0%         N/A       100%        6
 Lehudib's Crystal Spear  Conj/Erth      0%         10d2      100%        8


Dungeon Overview and Level Annotations

Branches:
Dungeon (4/15)              Sewer (visited)
 Temple: D:4-7

Altars:
Xom

Shops:
D:4 !


Innate Abilities, Weirdness & Mutations

You cannot be hasted, slowed, berserked, paralysed or teleported.
You can dig through walls and to a lower floor.
You have a pair of large antennae on your head. (SInv)
Your four strong arms can wield two-handed weapons with a shield.
Armour fits poorly on your strangely shaped body.
You occasionally lose the ability to read scrolls when taking damage.


Message History

You slash the chaos spawn!
Unknown command.
You closely miss the chaos spawn.
The chaos spawn is moderately wounded.
You closely miss the chaos spawn.
The chaos spawn hits you but does no damage.
You block the chaos spawn's attack.
Unknown command.
You completely miss the chaos spawn.
The chaos spawn is moderately wounded.
You hit the chaos spawn. The chaos spawn gores you.
Your stasis prevents you from being hasted.
The chaos spawn barely misses you.
You hit the chaos spawn but do no damage.
The chaos spawn is moderately wounded.
You hit the chaos spawn. The chaos spawn hits you! The chaos spawn shocks you!
The chaos spawn completely misses you.
Unknown command.
You closely miss the chaos spawn.
The chaos spawn is moderately wounded.
You closely miss the chaos spawn. The chaos spawn gores you!
You feel threatened and lose the ability to read scrolls!
The chaos spawn hits you.
* * * LOW HITPOINT WARNING * * *
You are engulfed in flames!
* * * LOW HITPOINT WARNING * * *
You block the chaos spawn's attack.
The chaos spawn gores you but does no damage.
Unknown command.
You barely miss the chaos spawn.
The chaos spawn is moderately wounded.
You hit the chaos spawn. The chaos spawn misses you.
The chaos spawn closely misses you.
Unknown command.
Are you sure you want to shaft yourself?
The chaos spawn barely misses you. The chaos spawn closely misses you.
You begin to dig a shaft.
You continue digging a shaft.
The chaos spawn hits you!
You die...
Xom laughs nastily!

####..### ##.......
##...####........
#.......+........
##...####........
#..## #.......
###.## ##.....#
#53.# ##...## #4###
##'## #@# #.# #4#
#.# #5# ##.## ##.##
##...## #...######
#.....#
#........#####...##
#...####.....<.....
##### ########.###
#.#


You could see a smoke demon (summoned), 2 chaos spawn, a crimson imp (summoned)
and a white imp (summoned).

Vanquished Creatures
  A water moccasin (Sewer)
  A black bear (D:4)
  A scorpion (D:4)
  7 adders
  9 orcs
  4 bats
  6 endoplasms
  3 giant cockroaches
  A goblin (D:1)
  6 hobgoblins
  A jackal (Sewer)
  3 quokkas
  4 ball pythons
  3 frilled lizards
  4 kobolds
  3 rats
57 creatures vanquished.

Notes
Turn   | Place    | Note
-------+----------+-------------------------------------------
     0 | D:1      | Arum the Formicid Fighter began the quest for the Orb.
     0 | D:1      | Reached XP level 1. HP: 18/18 MP: 1/1
    75 | D:1      | Reached XP level 2. HP: 19/24 MP: 2/2
   540 | D:1      | Found a faded altar of an unknown god.
   550 | D:1      | Prayed at the altar of an unknown god.
   550 | D:1      | Became a worshipper of Xom of Chaos
   635 | D:1      | Fell from the grace of Xom
   956 | D:2      | Reached XP level 3. HP: 30/30 MP: 3/3
  1463 | D:2      | Reached XP level 4. HP: 37/37 MP: 4/4
  1565 | D:2      | XOM: scenery: summon butterflies
  1964 | D:3      | Found a glowing drain.
  1969 | Sewer    | Entered a sewer
  2073 | Sewer    | Noticed a water moccasin
  2080 | Sewer    | Killed a water moccasin
  2081 | Sewer    | Reached XP level 5. HP: 29/43 MP: 5/5
  2081 | Sewer    | Reached XP level 6. HP: 33/49 MP: 6/6
  2621 | D:4      | Found Uceow's Distillery.
  2624 | D:4      | Bought a potion of heal wounds for 65 gold pieces
  2624 | D:4      | Bought a potion of curing for 39 gold pieces
  2646 | D:4      | XOM: torment (26/49 hp)
  2718 | D:4      | XOM: scenery: summon butterflies
  2802 | D:4      | XOM: give mutations
  2802 | D:4      | Gained mutation: Armour fits poorly on your strangely
                  | shaped body. [Xom's mischief]
  2802 | D:4      | Gained mutation: You occasionally lose the ability to read
                  | scrolls when taking damage. [Xom's mischief]
  2809 | D:4      | Noticed a black bear
  2819 | D:4      | Killed a black bear
  2820 | D:4      | Reached skill level 5 in Fighting
  2820 | D:4      | Reached skill level 5 in Armour
  3185 | D:4      | XOM: stat loss: -3 Dex (10/13)
  3385 | D:4      | Reached XP level 7. HP: 52/56 MP: 7/7
  3462 | D:4      | XOM: draining
  3557 | D:4      | XOM: summons 5 hostile demons
  3558 | D:4      | Noticed a chaos spawn
  3558 | D:4      | Noticed a chaos spawn
  3558 | D:4      | Noticed a smoke demon
  3565 | D:4      | Mangled by a chaos spawn

Illustrated notes

Levels and vault maps discovered:
D:1:      wander_arrival_peaceful_grave, layout_basic,
          ebering_ecumenical_altar_hall
D:2:      layout_basic, bh_walls_and_bars
D:3:      layout_rooms, portal_sewer_entry_e
D:4:      layout_loops_corners, serial_shops, nicolae_stop_n_shop_1

Skill      XL: |  1  2  3  4  5  6 |
---------------+-------------------+-----
Armour         | 4 5 |  5.3
Fighting       | 4 5 |  5.3
Axes           | 3 4 |  4.2
Shields        | |  4.0

Action                   |  1- 3 |  4- 6 |  7- 9 || total
-------------------------+-------+-------+-------++-------
Melee: War axe           |    66 |    94 |    12 ||   172
Invok: Renounce Religion |     1 |       |       ||     1
 Abil: Shaft Self        |       |       |     1 ||     1
  Use: Potion            |       |     1 |       ||     1
Armor: Scale mail        |    34 |    19 |       ||    53
       Plate armour      |       |    26 |     5 ||    31
Dodge: Dodged            |    35 |    56 |     7 ||    98
Block: Buckler           |    23 |    25 |     3 ||    51
